 Dungeon Crawl Stone Soup version 0.22.1-1-ga44c0e5 (webtiles) character file.

183 rabbit the Chopper (level 5, -5/48 HPs)
             Began as a Minotaur Berserker on Oct 10, 2018.
             Was a Priest of Trog.
             Slain by Sigmund
             ... wielding a +0 scythe
              (6 damage)
             ... on level 3 of the Dungeon.
             The game lasted 00:07:35 (2385 turns).

rabbit the Chopper (Minotaur Berserker)             Turns: 2385, Time: 00:07:36

Health: -5/48      AC:  2    Str: 23    XL:     5   Next: 35%
Magic:  4/4        EV: 13    Int:  4    God:    Trog [***...]
Gold:   131        SH:  0    Dex:  9    Spells: 4/4 levels left

rFire    . . .     SeeInvis .   a - +0 hand axe
rCold    . . .     Gourm    .   (no shield)
rNeg     . . .     Faith    .   b - +0 animal skin
rPois    .         Spirit   .   (helmet restricted)
rElec    .         Reflect  .   (no cloak)
rCorr    .         Harm     .   (no gloves)
MR       .....                  (no boots)
Stlth    +.........             m - amulet of the acrobat
HPRegen  0.16/turn              (no ring)
MPRegen  0.09/turn              (no ring)

@: confused
A: retaliatory headbutt, horns 2
a: Berserk, Trog's Hand, Renounce Religion


You were on level 3 of the Dungeon.
You worshipped Trog.
Trog was most pleased with you.
You were not hungry.

You visited 1 branch of the dungeon, and saw 3 of its levels.

You collected 131 gold pieces.

Inventory:

Hand Weapons
 a - a +0 hand axe (weapon)
Armour
 b - a +0 animal skin (worn)
Jewellery
 i - an uncursed amulet of guardian spirit
 m - an amulet of the acrobat (around neck)
Wands
 t - a wand of random effects (27)
 u - a wand of iceblast (7)
Scrolls
 d - 2 scrolls of remove curse
 e - a scroll of blinking {unknown}
 f - 2 scrolls of enchant armour {unknown}
 j - a scroll of random uselessness {unknown}
 l - a scroll of fog {unknown}
 p - a scroll of teleportation {unknown}
 q - 2 scrolls of amnesia {unknown}
 r - 2 scrolls of identify {unknown}
 s - a scroll of magic mapping {unknown}
Potions
 g - a potion of resistance {unknown}
 h - 3 potions of agility {unknown}
 k - a potion of degeneration {unknown}
 n - a potion of might {unknown}
 o - a potion of invisibility {unknown}
Comestibles
 c - 2 rations


   Skills:
 + Level 5.1 Fighting
 + Level 5.5 Axes
 + Level 2.7 Armour
 + Level 3.1 Dodging
 + Level 0.8 Stealth


You had 4 spell levels left.
You didn't know any spells.
Your spell library was empty.

Dungeon Overview and Level Annotations

Branches:
Dungeon (3/15)

Altars:
Nemelex Xobeh
Ru
Sif Muna
Wu Jian
Xom
The Shining One

Annotations:
D:3 Sigmund


Innate Abilities, Weirdness & Mutations

You reflexively headbutt those who attack you in melee.
You have a pair of horns on your head.


Message History

You are too injured to fight recklessly!
You are too injured to fight recklessly!
You closely miss Sigmund. You headbutt Sigmund.
Sigmund is heavily wounded.
Sigmund hits you with a scythe!
* * * LOW HITPOINT WARNING * * *
Sigmund points at you and mumbles some strange words.
The puff of flame hits you!
* * * LOW HITPOINT WARNING * * *
You hit Sigmund. Your headbutt misses Sigmund.
Sigmund is heavily wounded.
Sigmund misses you.
You barely miss Sigmund.
Sigmund is heavily wounded.
Sigmund gestures at you while chanting.
You are confused.
You hit Sigmund.
Sigmund is severely wounded.
Sigmund hits you with a scythe.
You die...

#.........#.##.....^...#
#...........#...#####^..
#.........##^'#.#.#'^#
#####.###..###..#..###
#####.###......###....
#.......#...##.....###
#.###)#.##.#######.###
#.#.##.# #.... #@# ##.#
##### #@# #.###########
..# #............ ....
############# #####


You could see Sigmund.

Vanquished Creatures
  Ijyb (D:3)
  Jessica (D:2)
  Robin (D:2)
  3 adders (D:2)
  An ooze (D:2)
  A worm (D:2)
  5 dart slugs
  A leopard gecko (D:3)
  An orc (D:3)
  A ball python (D:1)
  2 giant cockroaches
  13 goblins
  9 hobgoblins
  9 jackals
  6 bats
  3 frilled lizards
  4 kobolds
  11 rats
73 creatures vanquished.

Notes
Turn   | Place    | Note
-------+----------+-------------------------------------------
     0 | D:1      | rabbit the Minotaur Berserker began the quest for the Orb.
     0 | D:1      | Reached XP level 1. HP: 19/19 MP: 0/0
     2 | D:1      | Noticed a merfolk
     2 | D:1      | Noticed a centaur
     4 | D:1      | Noticed a troll
     4 | D:1      | Noticed a tengu
     6 | D:1      | Noticed a draconian
     6 | D:1      | Noticed a felid
     8 | D:1      | Noticed a demonspawn
     8 | D:1      | Noticed a minotaur
    10 | D:1      | Noticed a ghoul
    10 | D:1      | Noticed a formicid
    12 | D:1      | Noticed a spriggan
    12 | D:1      | Noticed a dwarf
    14 | D:1      | Noticed a vine stalker
    18 | D:1      | Noticed a gargoyle
    18 | D:1      | Noticed an elf
    20 | D:1      | Noticed a halfling
    20 | D:1      | Noticed an ogre
    22 | D:1      | Noticed an octopode
    22 | D:1      | Noticed a naga
    24 | D:1      | Noticed a human
    26 | D:1      | Noticed a vampire
    26 | D:1      | Noticed a demigod
   105 | D:1      | Reached XP level 2. HP: 22/27 MP: 1/1
   521 | D:1      | Reached XP level 3. HP: 31/33 MP: 2/2
   598 | D:1      | Reached ** piety under Trog
   603 | D:1      | You fall through a shaft!
   776 | D:2      | Noticed Robin
   790 | D:2      | Killed Robin
   790 | D:2      | Reached XP level 4. HP: 21/41 MP: 3/3
  1362 | D:2      | Found a sacrificial altar of Ru.
  1445 | D:2      | Found a glowing golden altar of the Shining One.
  1770 | D:2      | Found an ornate altar of the Wu Jian Council.
  1805 | D:2      | Noticed Jessica
  1809 | D:2      | Killed Jessica
  1809 | D:2      | Reached skill level 5 in Fighting
  1809 | D:2      | Reached skill level 5 in Axes
  2099 | D:3      | Found a shimmering altar of Xom.
  2131 | D:3      | Reached XP level 5. HP: 47/48 MP: 4/4
  2150 | D:3      | Noticed Ijyb
  2167 | D:3      | Killed Ijyb
  2181 | D:3      | Found a deep blue altar of Sif Muna.
  2268 | D:3      | Reached *** piety under Trog
  2321 | D:3      | Found a sparkling altar of Nemelex Xobeh.
  2370 | D:3      | Noticed Sigmund
  2382 | D:3      | HP: 1/48 [Sigmund/puff of flame (6)]
  2385 | D:3      | Slain by Sigmund

Skill      XL: |  1  2  3  4  5 |
---------------+----------------+-----
Fighting       | 4 5 |  5.1
Axes           | 4 5 |  5.5
Dodging        | 3 |  3.1
Armour         | |  2.7
Stealth        | |  0.8

Action                   |  1- 3 |  4- 6 || total
-------------------------+-------+-------++-------
Melee: Hand axe          |    65 |    83 ||   148
       Headbutt          |    17 |    12 ||    29
  Use: Scroll            |       |     1 ||     1
 Stab: Sleeping          |       |     1 ||     1
  Eat: Ration            |       |     2 ||     2
Armor: Animal skin       |    14 |     6 ||    20
Dodge: Dodged            |    43 |    53 ||    96
